 Dungeon Crawl Stone Soup version 0.18.1-50-g88ac8fd (webtiles) character file.

32463 FruitAndGarbage the Covert (level 14, 0/126 HPs)
             Began as a Kobold Hunter on Oct 28, 2016.
             Was the Champion of Okawaru.
             Killed from afar by Josephine (16 damage)
             ... with a ghostly fireball
             ... on level 5 of the Lair of Beasts.
             The game lasted 01:25:08 (20650 turns).

FruitAndGarbage the Covert (Kobold Hunter)         Turns: 20650, Time: 01:25:09

Health: 0/126      AC: 16    Str: 23    XL:     14   Next: 2%
Magic:  11/17      EV: 30    Int:  9    God:    Okawaru [******]
Gold:   750        SH: 15    Dex: 23    Spells: 1 memorised, 7 levels left

rFire  . . .     SeeInvis .     b - +6 scimitar of Mysticism {speed, rElec Dex+2}
rCold  . . .     Gourm    .     v - +3 ring mail {rPois}
rNeg   . . .     Faith    .     F - +0 shield
rPois  +         Spirit   .     (no helmet)
rElec  +         Dismiss  .     H - +2 cloak of Fun and Games {Str+7}
rCorr  .         Reflect  .     y - +0 pair of gloves
SustAt .         Harm     .     (no boots)
MR     +....                    (no amulet)
Stlth  ..........               J - ring of poison resistance
                                c - +2 ring of slaying

@: berserking, heroism, very quick, somewhat resistant to hostile enchantments,
extremely unstealthy
A: blink, carnivore 3, high mp 1, sense surroundings 1
a: Blink, Heroism, Finesse, Renounce Religion


You were on level 5 of the Lair of Beasts.
You worshipped Okawaru.
Okawaru was exalted by your worship.
You were full.

You visited 3 branches of the dungeon, and saw 17 of its levels.

You collected 870 gold pieces.
You spent 120 gold pieces at shops.

Inventory:

Hand Weapons
 a - a +3 hand crossbow of flaming
 b - the +6 scimitar of Mysticism (weapon) {speed, rElec Dex+2}
   (Okawaru gifted it to you on level 2 of the Lair of Beasts)

   Attacks with this weapon are significantly faster.
   It affects your dexterity (+2).
   It insulates you from electricity.
 V - a +2 dagger of electrocution
Missiles
 d - 115 bolts
Armour
 v - a +3 ring mail of poison resistance (worn)
 y - a +0 pair of gloves (worn)
 D - a +0 pair of boots
 F - a +0 shield (worn)
 H - the +2 cloak of Fun and Games (worn) {Str+7}
   (You acquired it on level 2 of the Lair of Beasts)

   It affects your strength (+7).
Jewellery
 c - a +2 ring of slaying (left hand)
 m - an uncursed ring of resist corrosion
 n - an uncursed ring of positive energy
 u - an uncursed ring of protection from cold
 J - a ring of poison resistance (right hand)
 M - an uncursed ring of protection from fire
 T - an uncursed ring of flight
Wands
 i - a wand of polymorph (7/24)
 t - a wand of disintegration (2/24)
 R - a wand of lightning (4/15)
 S - a wand of disintegration (12/24)
 U - a wand of iceblast (9/15)
Scrolls
 g - 14 scrolls of remove curse
 h - a scroll of enchant weapon
 j - 3 scrolls of teleportation
 o - a scroll of enchant armour
 q - a scroll of blinking
 x - 3 scrolls of fog
 B - 3 scrolls of vulnerability
 E - 5 scrolls of identify
 G - 2 scrolls of amnesia
 W - a scroll of fear
Potions
 e - 4 potions of cancellation
 k - 2 potions of agility
 l - 2 potions of flight
 p - a potion of curing
 w - 3 potions of resistance
 z - a potion of ambrosia
 C - 3 potions of brilliance
 N - 3 potions of lignification
 P - a potion of cure mutation
Books
 r - a book of Changes

   Spells                             Type                      Level
   a - Beastly Appendage              Transmutation                1
   b - Sticks to Snakes               Transmutation                2
   c - Spider Form                    Transmutation/Poison         3
   d - Ice Form                       Ice/Transmutation            4
   e - Blade Hands                    Transmutation                5
 A - the Incunabulum of the Dark Arsonist
   (You found it on level 5 of the Lair of Beasts)

   Spells                             Type                      Level
   a - Animate Skeleton               Necromancy                   1
   b - Sublimation of Blood           Necromancy                   2
   c - Ignite Poison                  Fire/Transmutation/Poison    3
   d - Sticky Flame                   Conjuration/Fire             4
   e - Cigotuvi's Embrace             Necromancy                   5
 O - a book of the Sky

   Spells                             Type                      Level
   a - Summon Lightning Spire         Summoning/Air                4
   b - Airstrike                      Air                          4
   c - Silence                        Hexes/Air                    5
   d - Deflect Missiles               Charms/Air                   6
   e - Conjure Ball Lightning         Conjuration/Air              6
   f - Tornado                        Air                          9
Comestibles
 f - 11 meat rations
 s - 7 beef jerkies
 K - 10 slices of pizza


   Skills:
 * Level 8.9(13.9) Fighting
 - Level 9.9(15.5) Short Blades
 * Level 3.5(10.4) Long Blades
 - Level 10.0(15.0) Crossbows
 * Level 7.7(12.7) Armour
 - Level 11.4(16.4) Dodging
 - Level 11.8(16.8) Stealth
 * Level 8.1(13.1) Shields
 + Level 2.1 Invocations
 + Level 1.4 Evocations


You had 7 spell levels left.
You knew the following spells:

 Your Spells              Type           Power        Failure   Level  Hunger
a - Deflect Missiles      Chrm/Air       #.........   100%        6    #######


Dungeon Overview and Level Annotations

Branches:
Dungeon (11/15)            Temple (1/1) D:4            Lair (5/8) D:9
  Swamp (0/4) Lair:5        Snake (0/4) Lair:5          Orc (0/2) D:9

Altars:
Ashenzari
Cheibriados
Dithmenos
Elyvilon
Fedhas
Gozag
Kikubaaqudgha
Makhleb
Nemelex Xobeh
Okawaru
Pakellas
Qazlal
Ru
Sif Muna
Trog
Vehumet
Xom
Yredelemnul
Zin
The Shining One
Beogh

Shops:
D:8 *   D:10 %

Annotations:
D:3 Autismocles's ghost, amateur MiFi
Lair:3 exclusion: downstairs
Lair:5 Josephine
Abyss:1 Grum


Innate Abilities, Weirdness & Mutations

You are small and have problems with some larger weapons.
You are carnivorous and can eat meat at any time.
You can translocate small distances at will.
You have an increased reservoir of magic (+10% MP).
You passively map a small area around you.


Message History

b - the +6 scimitar of Mysticism (weapon)
{speed, rElec Dex+2} The wraith barely misses you.
Drink which item? (? for menu, Esc to quit)
Okay, then.
You fail to use your ability.
You block the wraith's attack.
Josephine is infused with unholy energy.
* * * LOW HITPOINT WARNING * * *
Josephine draws life force from you and is healed!
You fail to use your ability.
The wraith hits you but does no damage. Josephine closely misses you.
You can now deal lightning-fast blows.
You feel somewhat less full. You block the wraith's attack.
Josephine barely misses you.
Drink which item? (? for menu, Esc to quit)
A red film seems to cover your vision as you go berserk!
Your finesse ends abruptly.
You feel yourself moving faster!
You feel mighty! The wraith misses you. Josephine casts a spell at you.
The ghostly flame explodes!
The ghostly fireball engulfs you!
You die...

, ##......##### #. *
#........# ## #####.#.##
*### ###..####..##
##.....#.....# #
##.............
##.#####P..............
##.....#....####.####...#
* #......#@.###≈≈≈).≈≈#
... ,
#.....W@W#.#P♣♣♣...♣♣# .
......(...##PP♣♣)♣♣P≈# #
*
.#.........#♣≈♣...♣P.#...
,
..#((.........).>........
(..........#P.♣...♣≈≈####
(..........#♣.♣♣.♣♣.≈# *
...........#≈≈≈≈.≈♣ P# ,
(..........##P≈≈.♣.≈ #


You could see Josephine and 2 wraiths.

Vanquished Creatures
  5 hydras
  4 death yaks (Lair:5)
  An unseen horror (D:10)
  2 griffons (Lair:4)
  3 black mambas
  A manticore (D:11)
  5 elephants (Lair:3)
  7 spiny frogs
  4 komodo dragons
  A rime drake (Lair:2)
  A polar bear (Lair:5)
  A two-headed ogre (D:9)
  15 blink frogs
  3 wraiths (Lair:5)
  4 yaks (D:10)
  A human (D:7)
  3 basilisks
  2 hogs (D:11)
  A hungry ghost (D:11)
  5 hippogriffs
  3 nagas (Lair:5)
  25 water moccasins
  4 orc warriors
  6 porcupines
  7 black bears
  5 sky beasts
  An ice beast (D:5)
  3 centaurs
  16 wolves
  A phantom (D:9)
  4 ogres
  8 crocodiles
  20 giant frogs
  4 scorpions
  3 killer bees (D:10)
  2 howler monkeys
  5 electric eels
  4 crimson imps
  A giant frog zombie (D:5)
  2 jellies (D:10)
  4 hounds
  A centaur skeleton (D:5)
  6 orc priests
  13 iguanas
  4 orc wizards
  Crazy Yiuf (D:5)
  7 worker ants
  Terence (D:3)
  23 sheep
  A worker ant zombie (D:7)
  A howler monkey skeleton (D:4)
  27 adders
  10 gnolls
  41 river rats
  4 shadow imps
  A white imp (D:5)
  3 oozes
  2 adder skeletons (D:4)
  An adder zombie (D:5)
  2 worms (D:3)
  3 giant geckos
  39 orcs
  5 bats
  3 giant cockroaches
  5 hobgoblins
  3 jackals (D:10)
  9 kobolds
  6 quokkas
  A ball python (D:2)
  9 giant newts
  6 goblins
  7 rats
  A plant (Lair:2)
443 creatures vanquished.

Vanquished Creatures (others)
  An elephant (D:9)
  2 yaks (D:10)
  A water moccasin (D:9)
  A porcupine (Lair:1)
  A black bear (D:11)
  A centaur (D:9)
  2 wolves (Lair:1)
  A crocodile (Lair:2)
  A giant frog (D:11)
  A gnoll sergeant (D:9)
  A scorpion (D:10)
  An electric eel (D:11)
  A howler monkey (D:9)
  A hound (D:10)
  An iguana (Lair:1)
  A hound zombie (D:9)
  A gnoll (D:9)
  5 river rats
  An orc (D:11)
  7 fungi
  9 plants
41 creatures vanquished.

Grand Total: 484 creatures vanquished

Notes
Turn   | Place    | Note
--------------------------------------------------------------
     0 | D:1      | FruitAndGarbage the Kobold Hunter began the quest for the Orb.
     0 | D:1      | Reached XP level 1. HP: 12/12 MP: 1/1
     9 | D:1      | Reached skill level 5 in Crossbows
    32 | D:1      | Reached XP level 2. HP: 17/17 MP: 2/2
   106 | D:1      | Reached skill level 1 in Short Blades
   291 | D:1      | Reached XP level 3. HP: 20/21 MP: 3/3
  1250 | D:2      | Reached XP level 4. HP: 14/27 MP: 4/4
  1723 | D:2      | Found a bloodstained altar of Trog.
  2428 | D:3      | Reached skill level 1 in Armour
  2507 | D:3      | Noticed Terence
  2519 | D:3      | Killed Terence
  2519 | D:3      | Reached XP level 5. HP: 25/31 MP: 5/5
  2639 | D:3      | Found a sacrificial altar of Ru.
  2960 | D:3      | Found a glowing silver altar of Zin.
  2960 | D:3      | Noticed an angel
  2969 | D:3      | Noticed Autismocles's ghost (amateur MiFi)
  3192 | D:3      | Reached XP level 6. HP: 5/36 MP: 6/6
  3724 | D:4      | Found a basalt altar of Yredelemnul.
  3960 | D:4      | Found a blossoming altar of Fedhas.
  4012 | D:4      | Noticed an ogre
  4019 | D:4      | Killed an ogre
  4041 | D:4      | Noticed an ogre
  4052 | D:4      | Killed an ogre
  4052 | D:4      | Reached XP level 7. HP: 8/41 MP: 7/7
  4508 | D:4      | Found a stormy altar of Qazlal.
  4537 | D:4      | Found a staircase to the Ecumenical Temple.
  4542 | Temple   | Entered the Ecumenical Temple
  4573 | Temple   | Became a worshipper of Warmaster Okawaru
  4864 | D:5      | Entered Level 5 of the Dungeon
  4865 | D:5      | Reached skill level 1 in Shields
  4967 | D:5      | Reached skill level 5 in Stealth
  4967 | D:5      | Reached XP level 8. HP: 18/46 MP: 8/8
  5097 | D:5      | Reached * piety under Okawaru
  5157 | D:5      | Found a sparkling altar of Nemelex Xobeh.
  5548 | D:5      | Noticed Crazy Yiuf
  5554 | D:5      | Killed Crazy Yiuf
  5604 | D:5      | Found a deep blue altar of Sif Muna.
  6029 | D:6      | Found a white marble altar of Elyvilon.
  6174 | D:6      | Reached skill level 1 in Invocations
  6333 | D:6      | Found a burning altar of Makhleb.
  6516 | D:7      | Learned a level 6 spell: Deflect Missiles
  6547 | D:7      | Reached XP level 9. HP: 49/52 MP: 9/9
  6604 | D:7      | Reached skill level 5 in Dodging
  6637 | D:7      | Found a glowing golden altar of the Shining One.
  6675 | D:7      | Reached ** piety under Okawaru
  7031 | D:7      | Reached skill level 5 in Short Blades
  7726 | D:8      | Found Gero's General Store.
  7737 | D:8      | Bought a potion of haste for 120 gold pieces
  8078 | D:8      | Found a snail-covered altar of Cheibriados.
  8161 | D:8      | Found a shattered altar of Ashenzari.
  8166 | D:8      | Reached skill level 5 in Fighting
  8172 | D:8      | Reached *** piety under Okawaru
  8253 | D:8      | Reached XP level 10. HP: 59/59 MP: 10/10
  8547 | D:9      | Found a staircase to the Orcish Mines.
  8717 | D:9      | Found a staircase to the Lair.
  8759 | D:9      | Noticed an elephant
  8970 | D:9      | Banished an elephant
  8983 | D:9      | Found a roughly hewn altar of Beogh.
  9262 | D:9      | Found a shadowy altar of Dithmenos.
  9283 | D:9      | Reached skill level 5 in Armour
  9537 | D:10     | Entered Level 10 of the Dungeon
  9549 | D:10     | Noticed a hill giant
  9800 | D:10     | HP: 3/60 [something (2)]
  9807 | D:10     | HP: 2/60 [something (7)]
  9817 | D:10     | Killed an unseen horror
  9817 | D:10     | Reached **** piety under Okawaru
  9985 | D:10     | Found Ageycsin's Food Boutique.
 10119 | D:10     | Noticed Grum
 10147 | D:10     | Banished Grum
 10150 | D:10     | Reached XP level 11. HP: 60/64 MP: 11/11
 10419 | D:10     | Reached skill level 1 in Evocations
 10993 | D:11     | Reached ***** piety under Okawaru
 11038 | D:11     | Received a gift from Okawaru
 11464 | D:11     | Reached skill level 5 in Shields
 12079 | D:11     | Noticed a manticore
 12126 | D:11     | Killed a manticore
 12609 | Lair:1   | Entered Level 1 of the Lair of Beasts
 12741 | Lair:1   | Noticed a six-headed hydra
 12762 | Lair:1   | Killed a six-headed hydra
 13099 | Lair:1   | Reached skill level 10 in Stealth
 13833 | Lair:1   | Reached XP level 12. HP: 56/72 MP: 13/13
 14164 | Lair:2   | Reached skill level 10 in Dodging
 14844 | Lair:2   | Received a gift from Okawaru
 14845 | Lair:2   | Got a dazzling scimitar {god gift}
 14846 | Lair:2   | Identified the +6 scimitar of Mysticism {speed, rElec Dex+2} (Okawaru gifted it to you on level 2 of the Lair of Beasts)
 15216 | Lair:2   | Got a faintly humming chain mail
 15227 | Lair:2   | Identified the cursed +0 chain mail of Ru's Esteem {*Drain rCorr Str+5 Dex+2} (You found it on level 2 of the Lair of Beasts)
 15228 | Lair:2   | Identified a scroll of acquirement
 15229 | Lair:2   | Got a translucent cloak
 15240 | Lair:2   | Identified the +2 cloak of Fun and Games {Str+7} (You acquired it on level 2 of the Lair of Beasts)
 15274 | Lair:2   | Noticed a six-headed hydra
 15311 | Lair:2   | HP: 1/72 [six-headed hydra (9)]
 15860 | Lair:2   | Gained mutation: You can translocate small distances at will. [potion of mutation]
 15860 | Lair:2   | Gained mutation: You passively map a small area around you. [potion of mutation]
 15860 | Lair:2   | Gained mutation: You have an increased reservoir of magic (+10% MP). [potion of mutation]
 15999 | Lair:2   | Reached skill level 1 in Long Blades
 16179 | Lair:2   | Killed a six-headed hydra
 16276 | Lair:2   | Reached ****** piety under Okawaru
 16514 | Lair:2   | Received a gift from Okawaru
 16722 | Lair:3   | Reached skill level 10 in Crossbows
 16726 | Lair:3   | Reached XP level 13. HP: 58/78 MP: 15/15
 16804 | Lair:3   | HP: 2/78 [elephant (6)]
 17815 | Lair:4   | Noticed a six-headed hydra
 17973 | Lair:4   | Noticed a four-headed hydra
 18058 | Lair:3   | Killed a four-headed hydra
 18607 | Lair:4   | Killed a six-headed hydra
 19397 | Lair:5   | Found a staircase to the Swamp.
 19735 | Lair:5   | Received a gift from Okawaru
 19753 | Lair:5   | Received a gift from Okawaru
 20233 | Lair:5   | Noticed Josephine
 20458 | Lair:5   | Noticed a six-headed hydra
 20471 | Lair:5   | Killed a six-headed hydra
 20471 | Lair:5   | Received a gift from Okawaru
 20471 | Lair:5   | Reached XP level 14. HP: 68/84 MP: 17/17
 20494 | Lair:5   | Identified the Incunabulum of the Dark Arsonist
 20602 | Lair:5   | Found a staircase to the Snake Pit.
 20650 | Lair:5   | Killed from afar by Josephine

Skill      XL: |  1  2  3  4  5  6  7  8  9 10 11 12 13 |
---------------+----------------------------------------+-----
Crossbows      | 5 6 7 8 9 10 | 10.0
Short Blades   | 1 2 3 4 5 7 8 9 |  9.9
Dodging        | 3 4 6 7 9 10 11 | 11.4
Stealth        | 2 3 4 5 6 7 9 10 11 | 11.8
Armour         | 1 2 3 4 5 6 7 |  7.7
Fighting       | 3 4 5 6 7 8 |  8.9
Shields        | 1 2 3 4 5 6 8 |  8.1
Invocations    | 1 2 |  2.1
Evocations     | 1 |  1.4
Long Blades    | 1 3 |  3.5

Action                   |  1- 3 |  4- 6 |  7- 9 | 10-12 | 13-15 || total
-------------------------+-------+-------+-------+-------+-------++-------
Melee: Short sword       |    33 |   104 |       |   644 |       ||   781
       Dagger            |       |    72 |   342 |    15 |       ||   429
       Scimitar          |       |       |       |    15 |   134 ||   149
 Fire: Hand crossbow     |    28 |    19 |    10 |   232 |   332 ||   621
Invok: Heroism           |       |       |       |     2 |     4 ||     6
       Finesse           |       |       |       |       |     3 ||     3
Evoke: Wand              |       |       |     4 |    24 |       ||    28
  Use: Scroll            |       |     2 |     1 |    25 |     3 ||    31
       Potion            |       |       |     1 |     8 |     3 ||    12
 Stab: Sleeping          |     3 |    10 |    17 |    14 |     4 ||    48
       Distracted        |       |       |     2 |     1 |     2 ||     5
  Eat: Chunk             |     9 |     9 |    14 |    33 |    10 ||    75
Armor: Leather armour    |     3 |    12 |       |       |       ||    15
       Ring mail         |       |    37 |    85 |   120 |    51 ||   293
Dodge: Dodged            |    15 |   116 |   116 |   446 |   218 ||   911
Block: Shield            |       |       |    69 |   340 |   197 ||   606
